 Dungeon Crawl Stone Soup version 0.28-a0-1524-ge72afd5fc6 (webtiles) character file.

Game seed: 5288537039345760140

58 psuckher the Sneak (level 4, -4/37 HPs)
             Began as a Barachi Delver on Jan 17, 2022.
             Was an Initiate of Nemelex Xobeh.
             Shot with an arrow by a centaur (11 damage)
             ... on level 5 of the Dungeon.
             The game lasted 00:04:38 (874 turns).

psuckher the Sneak (Barachi Delver)                  Turns: 874, Time: 00:04:38

Health: -4/37      AC: 10    Str: 24    XL:     4   Next: 2%
Magic:  4/4        EV: 10    Int:  8    God:    Nemelex Xobeh [......]
Gold:   14         SH:  0    Dex: 13    Spells: 3/3 levels left

rFire   . . .      SeeInvis .   a - +0 falchion
rCold   + + +      Faith    .   (no shield)
rNeg    . . .      Spirit   .   h - +4 scale mail "Geas Vei" {rC+++ Will- Str+8 Int-2}
rPois   .          Reflect  .   (no helmet)
rElec   .          Harm     .   (no cloak)
rCorr   .          Rampage  .   (no gloves)
Will    .....                   (no boots)
Stlth   ++........              (no amulet)
HPRegen 0.12/turn               (no ring)
MPRegen 0.09/turn               (no ring)

@: hasted, very quick
A: amphibious, slowness 1, strong legs 1, +LOS
a: Hop, Renounce Religion, Draw Escape, Draw Destruction, Draw Summoning


You were on level 5 of the Dungeon.
You worshipped Nemelex Xobeh.
Nemelex Xobeh was noncommittal.
You visited 1 branch of the dungeon, and saw 1 of its levels.

You collected 14 gold pieces.

Inventory:

Hand Weapons
 a - a +0 falchion (weapon)
Armour
 b - a +0 leather armour
 h - the +4 scale mail "Geas Vei" (worn) {rC+++ Will- Str+8 Int-2}
   (You found it on level 5 of the Dungeon)

   Str:       It affects your strength (+8).
   Int:       It affects your intelligence (-2).
   rC:        It renders you almost immune to cold.
   Will:      It decreases your willpower.
Wands
 g - a wand of digging (3)
Scrolls
 d - a scroll of magic mapping
 e - a scroll of fear


   Skills:
 + Level 4.0 Fighting
 + Level 2.7 Long Blades
 + Level 0.9 Armour
 + Level 2.4 Dodging
 + Level 5.4 Stealth


You had 3 spell levels left.
You didn't know any spells.
Your spell library was empty.

Dungeon Overview and Level Annotations

Branches:
Dungeon (5/15)
 Temple: D:4-7

Altars:
Hepliaklqana
Nemelex Xobeh

Shops:
D:5 =


Innate Abilities, Weirdness & Mutations

You are amphibious.
You cover ground slowly.
You can hop short distances.
You have an extended range of vision and can be seen from far away.


Message History

The bullfrog skeleton is heavily damaged.
The bullfrog skeleton hits you. x2
You hit the bullfrog skeleton.
The bullfrog skeleton is severely damaged.
The bullfrog skeleton barely misses you.
You hit the bullfrog skeleton.
The bullfrog skeleton is almost destroyed.
The bullfrog skeleton barely misses you.
The bullfrog skeleton closely misses you.
You hit the bullfrog skeleton.
The bullfrog skeleton is almost destroyed.
The bullfrog skeleton barely misses you.
You slash the bullfrog skeleton!
You destroy the bullfrog skeleton!
Your Fighting skill increases to level 4!
You have reached level 4!
You feel stronger.
A centaur comes into view.
The centaur shouts!
The centaur wields a +0 shortbow.
The centaur shoots an arrow.
The arrow barely misses you.
The centaur shoots an arrow.
The arrow hits you but does no damage.
The centaur shoots an arrow.
The arrow hits you.
The centaur shoots an arrow.
The arrow hits you.
The centaur shoots an arrow.
The arrow hits you.
The centaur shoots an arrow.
The arrow closely misses you.
The centaur shoots an arrow.
The arrow closely misses you.
The centaur shoots an arrow.
The arrow hits you but does no damage.
The centaur shoots an arrow.
The arrow hits you!
The centaur shoots an arrow.
The arrow hits you!
* * * LOW HITPOINT WARNING * * *
The centaur shoots an arrow.
The arrow closely misses you.
The centaur shoots an arrow.
The arrow misses you.
The centaur shoots an arrow.
The arrow closely misses you.
As you read the scroll of fog, it crumbles to dust.
The scroll dissolves into smoke.
The centaur shoots an arrow.
The arrow hits you but does no damage.
You feel yourself speed up.
The centaur shoots an arrow.
The arrow hits you!
You die...
Your body disappears without a glow.

########## #........#
#.######.# #.# #.# #.# #.#
############.# #.#
.......§§.§..######.######
.......§§§§§..............
#.......§@§§........######
#+######§############ #
#.# # #.# # #.# # #.# #
#c# # #.# ########## #.#
#.........


You could see a centaur.

Vanquished Creatures
  A centaur zombie (D:5)
  A bullfrog skeleton (D:5)
2 creatures vanquished.

Vanquished Creatures (others)
  7 plants (D:5)
7 creatures vanquished.

Grand Total: 9 creatures vanquished

Notes
Turn   | Place    | Note
-------+----------+-------------------------------------------
     0 | D:5      | psuckher the Barachi Delver began the quest for the Orb.
     0 | D:5      | Reached XP level 1. HP: 18/18 MP: 1/1
   160 | D:5      | Found Dunuy's Jewellery Shoppe.
   403 | D:5      | Reached skill level 5 in Stealth
   403 | D:5      | Reached XP level 2. HP: 6/25 MP: 2/2
   403 | D:5      | Reached XP level 3. HP: 8/30 MP: 3/3
   660 | D:5      | Identified the +4 scale mail "Geas Vei" {rC+++ Will- Str+8
                  | Int-2}
   681 | D:5      | Found a hazy altar of Hepliaklqana.
   780 | D:5      | Found a sparkling altar of Nemelex Xobeh.
   784 | D:5      | Became a worshipper of Nemelex Xobeh the Trickster
   853 | D:5      | Reached XP level 4. HP: 29/37 MP: 4/4
   860 | D:5      | Noticed a centaur
   874 | D:5      | Shot with an arrow by a centaur

Illustrated notes

Levels and vault maps discovered:
D:5:      layout_basic, lemuel_tele_altar, mainiacjoe_overflow_cross_hatched,
          nicolae_uskayaw_murder_on_the_dancefloor, mainiacjoe_overflow_swirl,
          minmay_temple_entry_gardened_gates, serial_shops, kennysheep_mini,
          uniq_pikel

Skill      XL: |  1  2  3 |
---------------+----------+-----
Stealth        | 5 |  5.4
Fighting       | 4 |  4.0
Long Blades    | |  2.7
Armour         | |  0.9
Dodging        | |  2.4

Action                   |  1- 3 |  4- 6 || total
-------------------------+-------+-------++-------
Melee: Falchion          |    18 |       ||    18
  Use: Scroll            |       |     1 ||     1
       Potion            |       |     1 ||     1
Armor: Leather armour    |     7 |       ||     7
       Scale mail        |     2 |     3 ||     5
Dodge: Dodged            |    23 |     6 ||    29

Table legend: (Time is in decaauts)
 A = Elapsed time spent in this place.
 B = Non-inter-level travel time spent in this place.
 C = Inter-level travel time spent in this place.
 D = Time resting spent in this place.
 E = Time spent auto-exploring this place.
 F = Levels seen in this place.
 G = Mean time per level.
                   A        B        C        D        E       F      G
               +--------+--------+--------+--------+--------+-----+--------+
         Total |   1044 |    608 |    436 |      0 |      0 |   1 | 1044.0 |
       Dungeon |   1044 |    608 |    436 |      0 |      0 |   1 | 1044.0 |
               +--------+--------+--------+--------+--------+-----+--------+

Top non-repeatable levels by time:
     D:5: 1044 daAuts
